Cogmind - Beta 13 @@@ ROGUE MODE // 2024.04.26 @ 19:42:04 Player: Cash Money Result: Destroyed by Y-45 Defender with Heavy Assault Rifle Performance ------------- Evolutions (1) 500 Regions Visited (2) 400 Robots Destroyed (23) 115 Value Destroyed (613) 613 Prototype IDs (2) 40 Alien Tech Used (0) 0 Bonus (0) 0 TOTAL SCORE: 1668 Bonus ------- None Cogmind --------- Core Integrity 0/400 Matter 144/300 Energy 100/100 System Corruption 0% Temperature Hot (276) Movement Core (50) Location -9/Materials Parts ------- > --- POWER (1) -------- (None) > --- PROPULSION (2) --- (None) > --- UTILITY (4) ------ (None) > --- WEAPON (2) ------- Autogun > --- INVENTORY (5) ---- Hover Unit Hover Unit Light Armor Plating Hacking Suite Small Laser Peak State ------------ > --- POWER ------------ Ion Engine > --- PROPULSION ------- Airjet Airjet > --- UTILITY ---------- Compact Battery Light Armor Plating Light Armor Plating Trap Extractor > --- WEAPON ----------- EM Pulse Gun Small Laser > --- INVENTORY -------- Airjet Airjet Light Armor Plating Hacking Suite Small Laser [Rating: 17] Favorites ----------- Power Ion Engine Engine Ion Engine Propulsion Aluminum Leg Leg Aluminum Leg Hover Unit Airjet Utility Light Armor Plating Device Trap Extractor Storage Compact Battery Protection Light Armor Plating Weapon EM Pulse Gun Energy Gun EM Pulse Gun Ballistic Gun Autogun Build | -11 -10 -9 ------- Run | Yrd Mat Mat Slots Evolved 2 | . . 2 Power . | . . . Propulsion . | . . . Utility 2 | . . 2 Weapon . | . . . Parts Attached 29 | 6 3 20 Power 5 | 1 . 4 Engine 5 | 1 . 4 Core . | . . . Reactor . | . . . Propulsion 6 | 2 . 4 Treads . | . . . Leg 2 | 2 . . Wheel . | . . . Hover 4 | . . 4 Flight . | . . . Utility 12 | 1 3 8 Device 2 | . 1 1 Storage 2 | 1 . 1 Processor . | . . . Hackware . | . . . Protection 8 | . 2 6 Artifact . | . . . Weapon 6 | 2 . 4 Energy Gun 2 | 2 . . Energy Cannon . | . . . Ballistic Gun 4 | . . 4 Ballistic Cannon . | . . . Launcher . | . . . Special Weapon . | . . . Impact Weapon . | . . . Slashing Weapon . | . . . Piercing Weapon . | . . . Special Melee Weapon . | . . . Unidentified Prototypes . | . . . Parts Lost 12 | . . 12 Power 2 | . . 2 Propulsion 3 | . . 3 Utility 4 | . . 4 Weapon 3 | . . 3 Highest Loss Streak 10 | . . 10 To Critical Strikes . | . . . Average Slot Usage (%) 92 | . 97 89 Engine 11 | . 14 10 Leg 12 | . 28 3 Hover 10 | . . 17 Storage 6 | . 3 8 Protection 24 | . 21 26 Energy Gun 22 | . 28 19 Ballistic Gun 1 | . . 3 Naked Turns . | . . . Heaviest Build 20 | 13 16 20 Greatest Support 20 | 20 20 20 Greatest Overweight (x) 4 | 4 . 3 Average Overweight (x) . | . . . Largest Inventory Capacity 8 | 8 8 5 Average Capacity 5 | 7 5 5 Most Carried 5 | 2 5 5 Average Carried 4 | . 4 4 Final Capacity 8 | 8 5 5 Final Carried 5 | 1 5 5 Class Distribution -------------------- 100% | Mutant Dominant Class ---------------- Mutant | -10/Materials Mutant | -9/Materials Resources | -11 -10 -9 ----------- Run | Yrd Mat Mat Matter Collected 432 | 260 30 142 Remotely . | . . . Salvage Created 782 | . 72 710 Parts 58 | . 7 51 Haulers Intercepted . | . . . Recyclers Shooed . | . . . Parts Field Recycled . | . . . Retrieved Matter . | . . . Parts Self-Destructed . | . . . Prevented . | . . . Kills | -11 -10 -9 ------- Run | Yrd Mat Mat Combat Hostiles Destroyed 19 | . 1 18 Guns 18 | . 1 17 AOE 1 | . . 1 Classes Destroyed 6 | . 2 4 Operator 2 | . . 2 Watcher 2 | . 1 1 Swarmer 7 | . . 7 Grunt 9 | . 1 8 Duelist 1 | . . 1 Sentry 2 | . . 2 Best Kill Streak 6 | . 1 6 Combat Bots Only 6 | . 1 6 Max Kills in Single Turn 2 | . 1 2 Gunslinging 1 | . . 1 Exploded 1 | . . 1 Melee . | . . . Uniques/NPCs Destroyed . | . . . Combat | -11 -10 -9 -------- Run | Yrd Mat Mat Hostile Shots Fired 175 | . 5 170 Missed 41 | . 1 40 Damage Taken 1793 | . 44 1749 Core 407 | . . 407 Absorbed by Shields . | . . . Core Remaining (%) 100 | 100 100 . Volleys Fired 61 | . 8 53 Largest 2 | . 2 2 Hottest 80 | . 80 80 Shots Fired 121 | . 16 105 Gun 121 | . 16 105 Cannon . | . . . Launcher . | . . . Special . | . . . Kinetic 37 | . . 37 Thermal 42 | . 8 34 Explosive . | . . . Electromagnetic 42 | . 8 34 Robot Hit Streak 8 | . 6 8 Robot Miss Streak 4 | . 1 4 Penetration Max . | . . . Secondary Targets 5 | . . 5 Max Gunslinging Chain 1 | . . 1 Shots Hit Robots 71 | . 11 60 Core Hits 35 | . 4 31 Critical Kills . | . . . Critical Parts Destroyed . | . . . Critical Strikes . | . . . Melee Attacks . | . . . Impact . | . . . Slashing . | . . . Piercing . | . . . Sneak Attacks . | . . . Combat Hostiles . | . . . Follow-up Attacks . | . . . Damage Inflicted 1036 | . 140 896 Guns 961 | . 140 821 Cannons . | . . . Explosions 75 | . . 75 Melee . | . . . Ramming . | . . . Kinetic 353 | . . 353 Thermal 314 | . 66 248 Explosive . | . . . Electromagnetic 369 | . 74 295 Impact . | . . . Slashing . | . . . Piercing . | . . . Highest Corruption . | . . . Average Corruption . | . . . Corruption Purged . | . . . Corruption Blocked . | . . . Overload Shots . | . . . Overflow Damage . | . . . Projectiles . | . . . Explosions . | . . . Melee . | . . . Knockbacks . | . . . Impact . | . . . Kinetic . | . . . Secondary . | . . . Self-Inflicted Damage 29 | . . 29 Shots 1 | . . 1 Rammed . | . . . Targets Rammed . | . . . Kicked . | . . . Crushed . | . . . Highest Temperature 353 | . 156 353 Average Temperature 120 | . 57 131 Received Heat Transfer 714 | . 24 690 Effects 1 | . . 1 Short Circuit 1 | . . 1 Siege Activations . | . . . Robots Corrupted . | . . . Combat Hostiles . | . . . Parts Fried . | . . . Impact Corruptions . | . . . Robots Melted . | . . . Combat Hostiles . | . . . Parts Melted . | . . . Heat Transferred 700 | . 150 550 Parts Sabotaged . | . . . Parts Stolen . | . . . Parts Stripped . | . . . Power Chain Reactions . | . . . Alert | -11 -10 -9 ------- Run | Yrd Mat Mat Peak Influence 373 | . 37 373 Initial 8 | . . 8 Average 129 | . 13 211 Maximum Alert Level 1 | . . 1 Low Security (%) 69 | 100 100 48 Level 1 30 | . . 51 Level 2 . | . . . Level 3 . | . . . Level 4 . | . . . Level 5 . | . . . High Security . | . . . Max Security . | . . . Squads Dispatched 3 | . . 3 Investigation 1 | . . 1 Extermination . | . . . Reinforcement 2 | . . 2 Assault . | . . . Garrison . | . . . Intercept . | . . . Searches Triggered . | . . . Construction Impeded 1 | . . 1 Haulers Reinforced . | . . . Active Scanning Responses . | . . . Cargo Convoy Interrupts . | . . . Stealth | -11 -10 -9 --------- Run | Yrd Mat Mat Distress Signals 1 | . . 1 Communications Jammed . | . . . Distress Signals . | . . . Times Spotted 34 | . 3 31 Peak Tracking Total 12 | . 1 12 Tactical Retreats 3 | . . 3 Traps | -11 -10 -9 ------- Run | Yrd Mat Mat Traps Triggered 1 | . . 1 Indirectly . | . . . Trap Hack Attempts . | . . . Triggered . | . . . Disarmed . | . . . Reprogrammed . | . . . Reused . | . . . Traps Extracted . | . . . Installed . | . . . Triggered . | . . . Machines | -11 -10 -9 ---------- Run | Yrd Mat Mat Machines Disabled 1 | . . 1 Max in Single Turn 1 | . . 1 Machines Repaired . | . . . Machines Dismantled . | . . . Machines Sabotaged . | . . . Overloaded Fab Kills . | . . . Hacking | -11 -10 -9 --------- Run | Yrd Mat Mat Machines Accessed 5 | . 2 3 Terminals 3 | . 1 2 Fabricators . | . . . Repair Stations . | . . . Recycling Units 2 | . 1 1 Scanalyzers . | . . . Garrison Access . | . . . Total Hacks 11 | . 3 8 Successful 10 | . 3 7 Failed 1 | . . 1 Catastrophic . | . . . Database Lockouts . | . . . Manual . | . . . Terminals 7 | . 1 6 Fabricators . | . . . Repair Stations . | . . . Recycling Units 4 | . 2 2 Scanalyzers . | . . . Garrison Access . | . . . Terminal Hacks 6 | . 1 5 Prototype ID Bank 1 | . . 1 Branch Access Points 1 | . . 1 Emergency Access Points 2 | . . 2 Unreport Threat 1 | . 1 . Zone Layout 1 | . . 1 Fabricator Hacks . | . . . Repair Station Hacks . | . . . Recycling Unit Hacks 4 | . 2 2 Process 1 | . 1 . Report Inventory 2 | . 1 1 Retrieve Components 1 | . . 1 Scanalyzer . | . . . Garrison Access Hacks . | . . . Unauthorized Hacks . | . . . Terminals . | . . . Fabricators . | . . . Repair Stations . | . . . Recycling Units . | . . . Scanalyzers . | . . . Garrison Access . | . . . Data Cores Recovered 1 | . . 1 Used 1 | . . 1 Hacking Detections 4 | . 2 2 Full Trace Events . | . . . Feedback Events . | . . . Feedback Blocked . | . . . Robot Schematics Acquired . | . . . Robots Built . | . . . Authchips . | . . . Time . | . . . Total Robot Build Rating . | . . . Part Schematics Acquired . | . . . Parts Built . | . . . Authchips . | . . . Time . | . . . Total Part Build Rating . | . . . Parts Repaired . | . . . Time . | . . . Parts Recycled . | . . . Recycled Matter 2 | . 2 . Retrieved Matter . | . . . Retrieved Components 7 | . . 7 Parts Scanalyzed . | . . . Part Schematics Acquired . | . . . Parts Damaged . | . . . Bothacking | -11 -10 -9 ------------ Run | Yrd Mat Mat Used RIF Installer . | . . . Robots Hacked . | . . . Non-combat . | . . . Combat . | . . . Robot Hacks Applied . | . . . Relay Couplers Released . | . . . Fabnet Peak Effective % . | . . . Robots Rewired . | . . . Allies Hacked . | . . . Hacks Repelled . | . . . Allies | -11 -10 -9 -------- Run | Yrd Mat Mat Total Allies . | . . . Largest Group . | . . . Highest-Rated Group . | . . . Highest-Rated Ally . | . . . Total Orders . | . . . Ally Attacks . | . . . Total Damage . | . . . Kills . | . . . Allies Corrupted . | . . . Allies Melted . | . . . Intel | -11 -10 -9 ------- Run | Yrd Mat Mat Robot Analysis Total . | . . . Derelict Logs Recovered . | . . . Drone Launches . | . . . Drone Recoveries . | . . . Exploration | -11 -10 -9 ------------- Run | Yrd Mat Mat Turns Passed 929 | 66 314 549 Spaces Moved 705 | 49 229 427 Core 21 | 14 . 7 Treads . | . . . Legs 312 | 35 229 48 Wheels . | . . . Hover 372 | . . 372 Flight . | . . . Fastest Speed 50 | 50 120 50 Average Speed 88 | 114 120 68 Slowest Speed 250 | 250 120 200 Overloaded Moves . | . . . Propulsion Burnouts . | . . . Robots Hopped . | . . . Cave-ins Triggered . | . . . Exploration Rate (%) 26 | 5 40 34 Regions Visited 2 Branch Regions . Pre-discovered Areas . | . . . Known Exits Taken . | . . . Unknown Exits Taken 2 | 1 1 . Scrap Searched . | . . . Spaces Dug . | . . . Terrain Destroyed . | . . . Melee . | . . . Projectile . | . . . AOE . | . . . Terrain Rammed . | . . . Walls Destroyed . | . . . Machines Disabled . | . . . Actions | -11 -10 -9 --------- Run | Yrd Mat Mat Total 896 | 56 252 588 Wait 74 | . 5 69 Move 703 | 48 228 427 Hop . | . . . Pick Up 12 | 2 5 5 Fast Attach 19 | 5 3 11 Attach 5 | 1 . 4 Detach . | . . . Swap 5 | . . 5 Drop 17 | . 3 14 Fire 61 | . 8 53 Melee . | . . . Ram . | . . . Kick . | . . . Crush . | . . . Escape Stasis . | . . . Rewire . | . . . Trap . | . . . Miscellaneous . | . . . Route ------- -11/Scrapyard -10/Materials (discovered 2 exits: *Mat / [*Min]) -9/Materials (discovered 5 exits: [*Mat] / Min x2 / Sto x2) History --------- Turn | Location | Event 15 | -11/Scrapyard | Discovered new exit (range 16) 67 | -11/Scrapyard | Entered Materials 77 | -10/Materials | Discovered new exit (range 16) 302 | -10/Materials | Build established: Mutant 319 | -10/Materials | Discovered new exit (range 9) 381 | -10/Materials | Entered another Materials area 381 | -9/Materials | Evolved 2 slots: Utility x2 752 | -9/Materials | Identified exit to Mines 752 | -9/Materials | Identified exit to Storage 763 | -9/Materials | Discovered new exit (range 16) 907 | -9/Materials | Core integrity fell below 50% 925 | -9/Materials | Core integrity fell below 20% 930 | -9/Materials | Destroyed by Y-45 Defender with Heavy Assault Rifle Last Messages --------------- 00895_ Critical hit (Burn: +37). 00899_ Lgt. Armor Plating destroyed. 00902_ Critical hit (Burn: +37). 00903_ Airjet destroyed. 00906_ G-47 Trooper destroyed. 00906_ Switching to secondary target: Y-45 Defender. 00906_ Lgt. Armor Plating destroyed. 00911_ Lgt. Ion Engine destroyed. 00913_ Autogun broken. 00913_ Overheating: Short circuit. 00914_ Airjet destroyed. 00917_ Autogun destroyed. 00919_ Acquired Autogun. 00920_ Broken Autogun destroyed. 00921_ Acquired Autogun. 00922_ Y-45 Defender destroyed. 00925_ G-34 Mercenary destroyed. 00930_ Critical hit (Burn: +37). 00930_ Autogun destroyed. Map ----- +----------------------------------------------------+ | ?????????????????????????????????????????????????? | | ?????????????????????????????????????????????????? | | ?????????????????????????????????????????????????? | | ?????????????????????????????????????????????????? | | ?????????????????????????????????????????????????? | | ?????????????????????????????????????????????????? | | ?????????????????????????????????????????????????? | | ?????????????????????????????????????????????????? | | ????? ???? ???????????????????????????????>????? | | ??? ??? ?? ?????????????????????????????? | | ??# "?? "T" ???????????????????????????? | | ?# "?" ??????????????????????????? | | ## """ ?????????????????????????? | | ????????????????????????? | | ?????????????????????????? | | ? """ """ ??????????????????????????? | | ?? """ """ ??????????????????????????? | | ??? """ """ ???????????????????????????? | | ????# ????????????????????????????? | | ????# ##########????????????????????? | | ????# % """ # #????????????????????? | | ????# % """ # T #????????????????????? | | ##### = """ # #???????????###??????? | | #!!! * % ! # [[[ #???????????? # ?????? | | #!!!= =[ % =% # [[ [#?????????????+ ?????? | | #]]= [####+##### # *@[ #?????????????# ????? | | #]] ## *[#??# # =Y%[[#?????????????# ???? | | # ## = #??# # ==Y #?????????????# ???? | | # ## #??# # gg%==#?????????????# #### | | ##### ## #??# ######+###?????>???????# | | ????# ## #??# *!/#??????????????# | | ????# ##"" =#??#### ==#??????????????# | | ????# ##"Y[=#?????# #??????????????## | | ????# ##"" *#######+## #?######????????# " | | ##### ## [ /# # # #????????# """ | | # ####### "S # # """ #????????# """ | | """ # #?????# """ # # """ #????????# """ | | """ # #?????# "" # # """ ########## "" | | """ # ####??# # + # # """ | | + !##?# """ # # """ # # "" | | """ # !#?# """ + # """ #= # """ | | """ # !#?# """ # # """= /%[ # " | | """ # !#?# # # [#[ = # = | | # !#?########## ######## % # | | ##### !##?#!!! #### ##########/### | | ????########??#!!! + % % % | | ??????????????#!!! #### *%! | | ??????????????# #??# [ | | ??????????????# #??# ########+############# | | ??????????????# ######+#####??? #??????# | +----------------------------------------------------+ Best States ------------- Heat Dissipation 28 Energy Generation 10 Energy Capacity 450 Matter Stores 300 Matter Capacity 300 Sight Range 16 Terrain Scan Density 10 Armor Coverage 600 Evasion (%) 55 Trap Extractor Capacity 4 Item Schematics ----------------- None Robot Schematics ------------------ None Fabricated ------------ Nothing Alien Tech Used ----------------- None Achievements -------------- None Challenges ------------ None Game ------ Seed CloakingRecyclingSpear Manual? 0 Play Time 00:15:45 Cumulative 32.0 hours Start 2024.04.26 @ 19:27:47 End 2024.04.26 @ 19:42:04 Sessions 1 Manual Loads 0 Difficulty Rogue Special Mode None Game No. 15 Rogue 9 Adventurer 5 Explorer 1 Win Type - Total 1 Types 1/0/0/0/0/0/0/0/0 Lore% 27 Gallery% 38 Achievement% 35 Wizard Run 0 Options --------- Layout 1 ASCII 0 Keyboard 0 Movement Mouse Keybinds 0 Fullscreen 2 Font 32/SmallcapsGlow Map View 50x35 Zoom Use 0% Tactical HUD 1 Map Filters NONE Filters NONE Steam 1 RUN: 2ebdfb17-f2b4-4e79-8253-75b09e6f0791